 Dungeon Crawl Stone Soup version 0.26.1-11-gd32895ea62 (webtiles) character file.

Game seed: 16372059638416658705

784 Almogavar the Digger (level 7, -4/38 HPs)
             Began as a Gargoyle Earth Elementalist on June 24, 2021.
             Slain by an ogre
             ... wielding a +0 giant club
              (17 damage)
             ... on level 4 of the Dungeon.
             The game lasted 00:15:31 (5075 turns).

Almogavar the Digger (Gargoyle Earth Elementalist)  Turns: 5075, Time: 00:15:32

Health: -4/38      AC: 14    Str: 12    XL:     7   Next: 86%
Magic:  0/14       EV: 12    Int: 17    God:
Gold:   177        SH:  0    Dex: 10    Spells: 11/15 levels left

rFire    . . .     SeeInvis .   i - +2 dagger (protect)
rCold    . . .     Faith    .   (no shield)
rNeg     + . .     Spirit   .   c - +0 robe
rPois    ∞         Reflect  .   v - +0 helmet
rElec    +         Harm     .   (no cloak)
rCorr    .         Rampage  .   (no gloves)
Will     .....                  (no boots)
Stlth    ++........             d - amulet of regeneration
HPRegen  0.52/turn              (no ring)
MPRegen  0.14/turn              (no ring)

@: protection aura
A: negative energy resistance 1, electricity resistance, unbreathing,
petrification resistance, miasma immunity, AC +4
a: no special abilities


You were on level 4 of the Dungeon.
You visited 1 branch of the dungeon, and saw 5 of its levels.

You collected 177 gold pieces.

Inventory:

Hand Weapons
 i - a +2 dagger of protection (weapon)
 w - a +0 whip
Missiles
 b - 55 stones
Armour
 a - a +0 buckler
 c - a +0 robe (worn)
 k - a +0 ring mail
 q - a cursed +0 leather armour
 s - a +0 scale mail
 v - a +0 helmet (worn)
Jewellery
 d - an amulet of regeneration (around neck)
Scrolls
 e - a scroll of amnesia
 j - 2 scrolls of teleportation
 m - a scroll of fog {unknown}
 n - 2 scrolls of remove curse {unknown}
 p - a scroll of fear {unknown}
 r - a scroll of enchant weapon {unknown}
 t - a scroll of enchant armour {unknown}
 u - a scroll of immolation {unknown}
Potions
 f - 6 potions of might
 g - a potion of berserk rage {unknown}
 h - a potion of curing {unknown}
 l - 2 potions of flight {unknown}
 o - 4 potions of heal wounds


   Skills:
 + Level 1.5 Fighting
 + Level 2.3 Dodging
 + Level 3.3 Stealth
 + Level 4.8 Spellcasting
 * Level 3.5 Conjurations
 + Level 0.7 Transmutations
 + Level 6.7 Earth Magic


You had 11 spell levels left.
You knew the following spells:

 Your Spells              Type           Power        Failure   Level
a - Sandblast             Erth           54%          1%          1
b - Stone Arrow           Conj/Erth      42%          5%          3

Your spell library contained the following spells:

 Spells                   Type           Power        Failure   Level
 Passwall                 Tmut/Erth      13%          4%          2
 Animate Skeleton         Necr           8%           14%         1
 Pain                     Necr           16%          14%         1
 Lee's Rapid Deconstruct  Erth           13%          26%         5
 Petrify                  Tmut/Erth      16%          30%         4
 Vampiric Draining        Necr           2%           41%         3
 Animate Dead             Necr           2%           82%         4
 Agony                    Necr           4%           99%         5


Dungeon Overview and Level Annotations

Branches:
Dungeon (5/15)
 Temple: D:4-7

Altars:
Nemelex Xobeh
Uskayaw

Shops:
D:4 }


Innate Abilities, Weirdness & Mutations

You are resistant to torment.
Your stone body is resilient. (AC +4)
You are immune to poison.
You resist negative energy. (rN+)
You are resistant to electric shocks. (rElec)
You can survive without breathing.
You are immune to petrification.
You are immune to miasma.


Message History

Aim: an ogre, wielding a +0 giant club (moderately wounded, 9% to evade)
The blast of sand hits the ogre!
The ogre is almost dead.
The ogre misses you.
Unknown command.
You barely miss the ogre.
The ogre is almost dead.
The ogre hits you with a +0 giant club!
* * * LOW HITPOINT WARNING * * *
Casting: Sandblast (safe; 1% risk of failure)
Confirm with . or Enter, or press ? or * to list all spells.
Aiming: Sandblast (safe; 1% risk of failure)
Press: ? - help, Shift-Dir - straight line, f/p - ogre
Aim: an ogre, wielding a +0 giant club (almost dead, 9% to evade)
The blast of sand misses the ogre.
You hit the ogre.
Your weapon exudes an aura of protection.
The ogre is almost dead.
The ogre hits you with a +0 giant club!
You die...

#.#...#....#......#####......
#.#...#..#.#.#######.........
#.#...#..###.# #.........
#.#...##.###.# #....#####
#.######..##.# #....# #
#####.### #..##.# #....# #
........####...#.# #....# #
.............#.#.# #....# #
........######..@#######....#
#
........######..O......######
# ............##.........# #
............##.........# #
####........##.........#
#........##.........#
#........##.........#
#........####.#######
#........# #†############


You could see an ogre.

Vanquished Creatures
  Grinder (D:3)
  2 ogres
  A centaur skeleton (D:3)
  3 hounds
  Jessica (D:2)
  Terence (D:3)
  Natasha (thrice) (D:3)
  A worker ant (D:4)
  A gnoll (D:3)
  4 adders
  2 oozes (D:3)
  2 worms
  A dart slug (D:4)
  5 leopard geckos
  5 orcs
  9 bats
  5 giant cockroaches
  8 goblins
  10 hobgoblins
  9 jackals
  3 quokkas
  2 ball pythons (D:1)
  7 frilled lizards
  8 kobolds
  A leopard gecko skeleton (D:4)
  11 rats
106 creatures vanquished.

Notes
Turn   | Place    | Note
-------+----------+-------------------------------------------
     0 | D:1      | Almogavar the Gargoyle Earth Elementalist began the quest
                  | for the Orb.
     0 | D:1      | Reached XP level 1. HP: 10/10 MP: 3/3
   164 | D:1      | Reached skill level 4 in Earth Magic
   164 | D:1      | Reached XP level 2. HP: 15/15 MP: 1/5
  1051 | D:1      | Reached XP level 3. HP: 19/19 MP: 3/6
  1256 | D:2      | Noticed Jessica
  1260 | D:2      | Killed Jessica
  1261 | D:2      | Reached XP level 4. HP: 24/24 MP: 4/8
  1409 | D:2      | Learned a level 3 spell: Stone Arrow
  2176 | D:2      | Reached skill level 1 in Conjurations
  2347 | D:3      | Reached skill level 5 in Earth Magic
  2365 | D:3      | Reached XP level 5. HP: 28/28 MP: 7/9
  2560 | D:3      | Noticed Terence
  2589 | D:3      | Killed Terence
  3045 | D:3      | Noticed Natasha
  3058 | D:3      | Killed Natasha
  3071 | D:3      | Reached XP level 6. HP: 33/33 MP: 9/11
  3307 | D:3      | Noticed Natasha
  3316 | D:3      | Killed Natasha
  3377 | D:3      | Noticed Grinder
  3384 | D:3      | Paralysed by Grinder for 2 turns
  3386 | D:3      | Killed Grinder
  3387 | D:3      | Reached skill level 1 in Fighting
  3387 | D:3      | Reached XP level 7. HP: 30/38 MP: 4/13
  3567 | D:3      | Reached skill level 6 in Earth Magic
  3689 | D:3      | Noticed Natasha
  3691 | D:3      | Killed Natasha
  4589 | D:4      | Found Nayt's Gadget Boutique.
  4796 | D:4      | Found a sparkling altar of Nemelex Xobeh.
  4894 | D:5      | Entered Level 5 of the Dungeon
  4980 | D:5      | Found a hide-covered altar of Uskayaw.
  5075 | D:4      | Slain by an ogre

Illustrated notes

Levels and vault maps discovered:
D:1:      dpeg_arrival_shelter, layout_basic
D:2:      minmay_inner_zag, layout_loops_cross, uniq_jessica
D:3:      layout_loops_ring, serial_park_tiny_pond, st_stairs_13,
          cheibrodos_gnoll_hut, uniq_natasha, uniq_terence, uniq_grinder
D:4:      layout_basic, kennysheep_mini, serial_shops, shop_fountains
D:5:      layout_rooms, okawaru_metal_pillars_3, minmay_ruined_shrine

Skill      XL: |  1  2  3  4  5  6  7 |
---------------+----------------------+-----
Earth Magic    | 4 5 6 |  6.7
Spellcasting   | 3 4 |  4.8
Conjurations   | 1 2 3 |  3.5
Dodging        | 2 |  2.3
Fighting       | 1 |  1.5
Stealth        | 3 |  3.3
Transmutations | |  0.7

Action                   |  1- 3 |  4- 6 |  7- 9 || total
-------------------------+-------+-------+-------++-------
Melee: Dagger            |     4 |   173 |    22 ||   199
 Cast: Sandblast         |    33 |    67 |     3 ||   103
       Stone Arrow       |       |       |    28 ||    28
  Use: Scroll            |       |       |     4 ||     4
 Stab: Sleeping          |     1 |     2 |     1 ||     4
Armor: Robe              |     3 |    71 |    18 ||    92
Dodge: Dodged            |     2 |   104 |    22 ||   128
